HBL
COLUMBUS CLIPPERS @ OCEAN CITY BLUE CRABS
07/09/1997
 
TOP OF THE 1ST
Columbus Clippers batting - Pitching for Ocean City Blue Crabs : RHP Ariel Prieto
Pitching: RHP Ariel Prieto
Batting: RHB Carlos Garcia 0-0: Reached via error on a dropped throw from 3B, E3 (Groundball, 56S, EV 62.5 MPH)
Batting: RHB Miguel Mejia 0-0: Foul Ball, location: 2F
0-1: Called Strike
0-2: Strikes out looking
Batting: RHB Derrek Lee 0-0: Ball
1-0: Called Strike
Carlos Garcia is caught stealing 2nd base 2-4
1-1: Ball
2-1: Fly out, F7 (Line Drive, 7D, EV 87.5 MPH)
Top of the 1st over - 0 runs, 0 hits, 1 error, 0 left on base; Columbus 0 - Ocean City 0
BOTTOM OF THE 1ST
Ocean City Blue Crabs batting - Pitching for Columbus Clippers : LHP Glendon Rusch
Pitching: LHP Glendon Rusch
Batting: RHB Pat F. Kelly 0-0: Ball
1-0: SINGLE (Line Drive, 56D, EV 101.3 MPH)
Batting: LHB Curtis Pride 0-0: Fly out, F6 (Line Drive, 6, EV 62.5 MPH)
Batting: LHB Don Mattingly 0-0: Called Strike
Pat F. Kelly steals 2nd base
0-1: Called Strike
0-2: Fly out, F8 (Flyball, 8RD, EV 105.0 MPH)
Runner from 2nd tags up, SAFE at 3rd with throw by CF
Batting: RHB Jeff Abbott 0-0: Ball
1-0: Foul Ball, location: 2F
1-1: Fly out, F9 (Line Drive, 9, EV 93.8 MPH)
Bottom of the 1st over - 0 runs, 1 hit, 0 errors, 1 left on base; Columbus 0 - Ocean City 0
TOP OF THE 2ND
Columbus Clippers batting - Pitching for Ocean City Blue Crabs : RHP Ariel Prieto
Batting: RHB Bubba Trammell 0-0: Ball
1-0: Called Strike
1-1: SINGLE (Groundball, 56D, EV 94.4 MPH)
Batting: RHB Wendell Magee 0-0: Ball
1-0: Grounds into double play, 6-4-3 (Groundball, 6, EV 96.3 MPH)
Batting: RHB Kevin Orie 0-0: Ball
1-0: Swinging Strike
1-1: Called Strike
1-2: Ball
2-2: Strikes out looking
Top of the 2nd over - 0 runs, 1 hit, 0 errors, 0 left on base; Columbus 0 - Ocean City 0
BOTTOM OF THE 2ND
Ocean City Blue Crabs batting - Pitching for Columbus Clippers : LHP Glendon Rusch
Batting: RHB Garey Ingram 0-0: Ball
1-0: Foul Ball, location: 2F
1-1: Ground out 4-3 (Groundball, 4, EV 101.3 MPH)
Batting: RHB Einar Diaz 0-0: Ball
1-0: Fly out, F8 (Flyball, 8RD, EV 108.1 MPH)
Batting: RHB Scott Leius 0-0: Ball
1-0: Ball
2-0: Ball
3-0: Called Strike
3-1: Called Strike
3-2: SINGLE (Line Drive, 9S, EV 112.5 MPH)
Batting: RHB Manny Alexander 0-0: Swinging Strike
0-1: Foul Ball, location: 2F
0-2: Ball
1-2: Foul Ball, location: 2F
1-2: Strikes out swinging
Bottom of the 2nd over - 0 runs, 1 hit, 0 errors, 1 left on base; Columbus 0 - Ocean City 0
TOP OF THE 3RD
Columbus Clippers batting - Pitching for Ocean City Blue Crabs : RHP Ariel Prieto
Batting: LHB Chris Pritchett 0-0: Ball
1-0: Ball
2-0: Ball
3-0: Base on Balls
Batting: RHB Tilson Brito 0-0: Ball
1-0: Ground out 3-1 (Groundball, 34S, EV 78.1 MPH)
Chris Pritchett to second
Batting: RHB Alberto T Castillo 0-0: Swinging Strike
0-1: Foul Ball, location: 2F
0-2: Ball
1-2: Foul Ball, location: 2F
1-2: Strikes out swinging
Batting: RHB Carlos Garcia 0-0: Foul Ball, location: 2F
0-1: Called Strike
0-2: Strikes out swinging
Top of the 3rd over - 0 runs, 0 hits, 0 errors, 1 left on base; Columbus 0 - Ocean City 0
BOTTOM OF THE 3RD
Ocean City Blue Crabs batting - Pitching for Columbus Clippers : LHP Glendon Rusch
Batting: SHB Julio Peguero 0-0: Ball
1-0: Ball
2-0: Called Strike
2-1: Foul Ball, location: 2F
2-2: Ball
3-2: Base on Balls
Batting: RHB Pat F. Kelly 0-0: Called Strike
0-1: Fly out, F7 (Line Drive, 7, EV 87.5 MPH)
Batting: LHB Curtis Pride 0-0: Ball
1-0: Swinging Strike
1-1: Called Strike
1-2: Ball
2-2: Ball
3-2: Strikes out swinging
Batting: LHB Don Mattingly 0-0: SINGLE (Flyball, 78M, EV 92.5 MPH)
Julio Peguero to second
Batting: RHB Jeff Abbott 0-0: Fielders Choice at 2nd, 5-4 (Groundball, 56, EV 102.5 MPH)
Bottom of the 3rd over - 0 runs, 1 hit, 0 errors, 2 left on base; Columbus 0 - Ocean City 0
TOP OF THE 4TH
Columbus Clippers batting - Pitching for Ocean City Blue Crabs : RHP Ariel Prieto
Batting: RHB Miguel Mejia 0-0: Fly out, F3 (Popup, 34, EV 72.5 MPH)
Batting: RHB Derrek Lee 0-0: Ball
1-0: Ground out 6-3 (Groundball, 6, EV 83.1 MPH)
Batting: RHB Bubba Trammell 0-0: Called Strike
0-1: Called Strike
0-2: Ball
1-2: Ground out 6-3 (Groundball, 6S, EV 78.8 MPH)
Top of the 4th over - 0 runs, 0 hits, 0 errors, 0 left on base; Columbus 0 - Ocean City 0
BOTTOM OF THE 4TH
Ocean City Blue Crabs batting - Pitching for Columbus Clippers : LHP Glendon Rusch
Batting: RHB Garey Ingram 0-0: Ball
1-0: Foul Ball, location: 2F
1-1: Ball
2-1: Swinging Strike
2-2: Ball
3-2: Foul Ball, location: 2F
3-2: Foul Ball, location: 2F
3-2: Base on Balls
Batting: RHB Einar Diaz 0-0: Ball
1-0: Called Strike
1-1: Grounds into double play, 6-4-3 (Groundball, 6, EV 89.4 MPH)
Batting: RHB Scott Leius 0-0: Called Strike
0-1: Foul Ball, location: 2F
0-2: Ground out 6-3 (Groundball, 56, EV 89.4 MPH)
Bottom of the 4th over - 0 runs, 0 hits, 0 errors, 0 left on base; Columbus 0 - Ocean City 0
TOP OF THE 5TH
Columbus Clippers batting - Pitching for Ocean City Blue Crabs : RHP Ariel Prieto
Batting: RHB Wendell Magee 0-0: Called Strike
0-1: Ground out 4-3 (Groundball, 4MS, EV 79.4 MPH)
Batting: RHB Kevin Orie 0-0: DOUBLE (Flyball, 78XD, EV 90.0 MPH)
Batting: LHB Chris Pritchett 0-0: Called Strike
0-1: Ground out 4-3 (Groundball, 4, EV 88.8 MPH)
Kevin Orie to third
Batting: RHB Tilson Brito 0-0: Ball
1-0: Ball
2-0: Foul Ball, location: 2F
2-1: Fly out, F9 (Flyball, 9LM, EV 105.6 MPH)
Top of the 5th over - 0 runs, 1 hit, 0 errors, 1 left on base; Columbus 0 - Ocean City 0
BOTTOM OF THE 5TH
Ocean City Blue Crabs batting - Pitching for Columbus Clippers : LHP Glendon Rusch
Batting: RHB Manny Alexander 0-0: Ball
1-0: Called Strike
1-1: Ground out 5-3 (Groundball, 5, EV 84.4 MPH)
Batting: SHB Julio Peguero 0-0: Ball
1-0: SINGLE (Groundball, 4MD, EV 101.9 MPH)
Batting: RHB Pat F. Kelly 0-0: Ball
1-0: Ball
2-0: Foul Ball, location: 2F
2-1: Fly out, F7 (Line Drive, 7D, EV 84.4 MPH)
Runner from 1st tags up, SAFE at 2nd
Batting: LHB Curtis Pride 0-0: Ball
1-0: Swinging Strike
1-1: Ground out 4-3 (Groundball, 4, EV 111.9 MPH)
Bottom of the 5th over - 0 runs, 1 hit, 0 errors, 1 left on base; Columbus 0 - Ocean City 0
TOP OF THE 6TH
Columbus Clippers batting - Pitching for Ocean City Blue Crabs : RHP Ariel Prieto
Batting: RHB Alberto T Castillo 0-0: Called Strike
0-1: Foul Ball, location: 2F
0-2: Ball
1-2: DOUBLE (Line Drive, 9LM, EV 99.4 MPH)
Batting: RHB Carlos Garcia 0-0: Called Strike
0-1: Foul Ball, location: 2F
0-2: Foul Ball, location: 2F
0-2: Strikes out swinging
Batting: RHB Miguel Mejia 0-0: Ball
1-0: Ball
2-0: SINGLE (Flyball, 8LS, EV 94.4 MPH)
Alberto T Castillo to third
Batting: RHB Derrek Lee 0-0: Ball
1-0: Called Strike
1-1: DOUBLE (Flyball, 8RXD, EV 111.3 MPH)
Alberto T Castillo scores
Miguel Mejia to third
Batting: RHB Bubba Trammell 0-0: Ball
1-0: SINGLE (Groundball, 6M, EV 79.4 MPH) (infield hit)
Miguel Mejia scores
Derrek Lee to third
Batting: RHB Wendell Magee 0-0: Ball
1-0: Called Strike
1-1: Foul Ball, location: 2F
1-2: Foul Ball, location: 2F
1-2: Ball
2-2: Foul Ball, location: 2F
2-2: DOUBLE (Flyball, 89D, EV 98.8 MPH)
Derrek Lee scores
Bubba Trammell to third
Batting: RHB Kevin Orie 0-0: Fly out, F4 (Popup, 4M, EV 53.8 MPH)
Batting: LHB Chris Pritchett 0-0: Foul Ball, location: 2F
0-1: Swinging Strike
0-2: Ball
1-2: Ball
2-2: Ball
3-2: Ground out 1-3 (Groundball, 13S, EV 75.6 MPH)
Top of the 6th over - 3 runs, 5 hits, 0 errors, 2 left on base; Columbus 3 - Ocean City 0
BOTTOM OF THE 6TH
Ocean City Blue Crabs batting - Pitching for Columbus Clippers : LHP Glendon Rusch
Batting: LHB Don Mattingly 0-0: Ball
1-0: Fly out, F8 (Line Drive, 8RD, EV 94.4 MPH)
Batting: RHB Jeff Abbott 0-0: Ball
1-0: SINGLE (Groundball, 56D, EV 107.5 MPH)
Batting: RHB Garey Ingram 0-0: Ball
1-0: Ball
2-0: Called Strike
2-1: Foul Ball, location: 2F
2-2: Foul Ball, location: 2F
2-2: Ball
3-2: Foul Ball, location: 2F
3-2: Ground out 6-3 (Groundball, 6, EV 79.4 MPH)
Jeff Abbott to second
Batting: RHB Einar Diaz 0-0: Fly out, F7 (Flyball, 78M, EV 83.1 MPH)
Bottom of the 6th over - 0 runs, 1 hit, 0 errors, 1 left on base; Columbus 3 - Ocean City 0
TOP OF THE 7TH
Columbus Clippers batting - Pitching for Ocean City Blue Crabs : RHP Ariel Prieto
Batting: RHB Tilson Brito 0-0: Ball
1-0: Ball
2-0: Fly out, F6 (Popup, 56D, EV 41.9 MPH)
Batting: RHB Alberto T Castillo 0-0: Called Strike
0-1: Fly out, F8 (Flyball, 8LM, EV 93.1 MPH)
Batting: RHB Carlos Garcia 0-0: Bunted foul
0-1: Ball
1-1: Ball
2-1: Foul Ball, location: 2F
2-2: Foul Ball, location: 2F
2-2: Ball
3-2: Base on Balls
Batting: RHB Miguel Mejia 0-0: Called Strike
0-1: Ball
1-1: Fly out, F3 (Popup, 3F, EV 66.9 MPH)
Top of the 7th over - 0 runs, 0 hits, 0 errors, 1 left on base; Columbus 3 - Ocean City 0
BOTTOM OF THE 7TH
Ocean City Blue Crabs batting - Pitching for Columbus Clippers : LHP Glendon Rusch
Batting: RHB Scott Leius 0-0: Called Strike
0-1: SINGLE (Line Drive, 6M, EV 103.8 MPH)
Batting: RHB Manny Alexander 0-0: Ball
1-0: Swinging Strike
1-1: Foul Ball, location: 2F
1-2: Foul Ball, location: 2F
1-2: Ball
2-2: Strikes out swinging
Batting: SHB Julio Peguero 0-0: Ball
1-0: Ball
2-0: SINGLE (Groundball, 6MD, EV 107.5 MPH)
Scott Leius to second
Runner from 2nd tries for 3rd, SAFE, throw by CF made to third
Batting: RHB Pat F. Kelly 0-0: Ball
1-0: Ball
2-0: Called Strike
2-1: Ball
3-1: Base on Balls
Julio Peguero to second
Pinch Hitting: SHB Junior Felix 0-0: Foul Ball, location: 2F
0-1: Swinging Strike
0-2: Ball
Wild Pitch!
Scott Leius scores
Julio Peguero to third
Pat F. Kelly to second
1-2: Foul Ball, location: 2F
1-2: Ground out 4-3 (Groundball, 4, EV 85.0 MPH)
Julio Peguero scores
Pat F. Kelly to third
Batting: LHB Don Mattingly 0-0: Foul Ball, location: 2F
0-1: Ball
1-1: Swinging Strike
1-2: Ball
2-2: SINGLE (Groundball, 6MD, EV 97.5 MPH)
Pat F. Kelly scores
Pitching: RHP Greg Gohr
Batting: RHB Jeff Abbott 0-0: Swinging Strike
0-1: DOUBLE (Line Drive, 7LD, EV 106.9 MPH)
Don Mattingly to third
Runner from 3rd tries for Home, SAFE, throw by LF to home
Batting: RHB Garey Ingram 0-0: Foul Ball, location: 2F
0-1: Ball
1-1: Swinging Strike
1-2: Ball
2-2: Ground out 6-3 (Groundball, 56D, EV 100.0 MPH)
Bottom of the 7th over - 4 runs, 4 hits, 0 errors, 1 left on base; Columbus 3 - Ocean City 4
TOP OF THE 8TH
Columbus Clippers batting - Pitching for Ocean City Blue Crabs : RHP Ariel Prieto
Now in LF: Pedro Valdes
Batting: RHB Derrek Lee 0-0: Ball
1-0: Ball
2-0: Called Strike
2-1: Foul Ball, location: 2F
2-2: Strikes out swinging
Batting: RHB Bubba Trammell 0-0: SINGLE (Flyball, 8LS, EV 93.8 MPH)
Batting: RHB Wendell Magee 0-0: Fielders Choice at 2nd, 6-4 (Groundball, 56, EV 92.5 MPH)
Batting: RHB Kevin Orie 0-0: Fly out, F4 (Flyball, 4MD, EV 85.6 MPH)
Top of the 8th over - 0 runs, 1 hit, 0 errors, 1 left on base; Columbus 3 - Ocean City 4
BOTTOM OF THE 8TH
Ocean City Blue Crabs batting - Pitching for Columbus Clippers : RHP Greg Gohr
Batting: RHB Einar Diaz 0-0: DOUBLE (Line Drive, 78D, EV 106.9 MPH)
Batting: RHB Scott Leius 0-0: Intentional Walk
Batting: RHB Manny Alexander 0-0: SINGLE (Groundball, 56D, EV 101.9 MPH)
Einar Diaz to third
Scott Leius to second
Batting: SHB Julio Peguero 0-0: Ball
1-0: Ball
2-0: SINGLE (Groundball, 34, EV 86.9 MPH) (infield hit)
Einar Diaz scores
Scott Leius to third
Manny Alexander to second
Batting: RHB Pat F. Kelly 0-0: Ball
1-0: Called Strike
1-1: Foul Ball, location: 2F
1-2: Foul Ball, location: 2F
1-2: SINGLE (Groundball, 4D, EV 100.6 MPH)
Scott Leius scores
Manny Alexander to third
Julio Peguero to second
Runner from 3rd tries for Home, SAFE, throw by RF to home
Pitching: RHP Marc Wilkins
Batting: LHB Pedro Valdes 0-0: Ball
1-0: SINGLE (Line Drive, 56D, EV 98.1 MPH)
Julio Peguero to third
Pat F. Kelly to second
Batting: LHB Don Mattingly 0-0: Called Strike
0-1: Fly out, F5 (Flyball, 5D, EV 87.5 MPH)
Batting: RHB Jeff Abbott 0-0: Ball
1-0: Foul Ball, location: 2F
1-1: Ball
2-1: SINGLE (Line Drive, 9S, EV 107.5 MPH)
Julio Peguero scores
Pat F. Kelly to third
Pedro Valdes to second
Runner from 3rd tries for Home, SAFE, throw by RF to home
Batting: RHB Garey Ingram 0-0: Ball
1-0: Called Strike
1-1: SINGLE (Groundball, 4S, EV 68.8 MPH) (infield hit)
Pedro Valdes to third
Jeff Abbott to second
Batting: RHB Einar Diaz 0-0: SINGLE (Groundball, 6MD, EV 100.6 MPH)
Pedro Valdes scores
Jeff Abbott to third
Garey Ingram to second
Runner from 3rd tries for Home, SAFE, no throw by CF
Batting: RHB Scott Leius 0-0: SINGLE (Groundball, 4S, EV 76.9 MPH) (infield hit)
Garey Ingram to third
Einar Diaz to second
Pinch Hitting: SHB Giomar Guevara 0-0: Swinging Strike
0-1: Ball
1-1: Called Strike
1-2: Fly out, F7 (Flyball, 7LDF, EV 98.8 MPH)
Runner from 3rd tags up, SCORES, no throw by LF
Batting: SHB Julio Peguero 0-0: Swinging Strike
0-1: Swinging Strike
0-2: Foul Ball, location: 2F
0-2: Ball
1-2: Foul Ball, location: 2F
1-2: Strikes out looking
Bottom of the 8th over - 8 runs, 9 hits, 0 errors, 2 left on base; Columbus 3 - Ocean City 12
TOP OF THE 9TH
Columbus Clippers batting - Pitching for Ocean City Blue Crabs : RHP Ariel Prieto
Now at 2B: Giomar Guevara
Batting: LHB Chris Pritchett 0-0: Foul Ball, location: 2F
0-1: Called Strike
0-2: Foul Ball, location: 2F
0-2: Foul Ball, location: 2F
0-2: Fly out, F8 (Flyball, 8LM, EV 79.4 MPH)
Batting: RHB Tilson Brito 0-0: Ball
1-0: Ball
2-0: Ground out 6-3 (Groundball, 6, EV 90.6 MPH)
Batting: RHB Alberto T Castillo 0-0: Ball
1-0: Ball
2-0: Ball
3-0: Base on Balls
Batting: RHB Carlos Garcia 0-0: Called Strike
0-1: Ball
1-1: Ball
2-1: Swinging Strike
2-2: Fielders Choice at 2nd, 6-4 (Groundball, 6, EV 98.8 MPH)
Top of the 9th over - 0 runs, 0 hits, 0 errors, 1 left on base; Columbus 3 - Ocean City 12
Friday, March 6th, 2026 - OOTP Baseball 20.8 Build 74